 Dungeon Crawl Stone Soup version 0.30-a0-174-gbc10bd73c2 (webtiles) character file.

Game seed: 14648568826343983476

751 qw the Chopper (level 7, -4/43 HPs)
             Began as a Gargoyle Fighter on Oct 1, 2022.
             Was a Follower of Okawaru.
             Slain by a wraith (9 damage)
             ... on level 5 of the Dungeon.
             The game lasted 00:01:16 (4348 turns).

qw the Chopper (Gargoyle Fighter)                   Turns: 4348, Time: 00:01:16

Health: -4/43      AC: 17    Str: 22    XL:     7   Next: 78%
Magic:  6/8        EV:  9    Int:  8    God:    Okawaru [*.....]
Gold:   225        SH:  5    Dex:  9    Spells: 6/6 levels left

rFire   + + +      SeeInvis +    Y - +4 war axe (drain)
rCold   + + .      Faith    .    c - +0 buckler
rNeg    + . .      Spirit   .    v - +0 chain mail
rPois   inf        Reflect  .    (no helmet)
rElec   +          Harm     .    e - scarf {rC+ rF+}
rCorr   .          Rampage  .    m - +0 pair of gloves
Will    .....      NoCast   +    (no boots)
Stlth   +.........               b - amulet of Light {Acrobat -Cast rF+++ rC+ Stlth+}
HPRegen 0.27/turn                t - ring of see invisible
MPRegen 0.11/turn                (no ring)

@: heroic, slowed, very slow
A: sickness immunity, AC +4, negative energy resistance 1, electricity
resistance, torment resistance 1, petrification resistance
a: Renounce Religion, Heroism


You were on level 5 of the Dungeon.
You worshipped Okawaru.
Okawaru was aware of your devotion.
You visited 2 branches of the dungeon, and saw 6 of its levels.

You collected 225 gold pieces.


Innate Abilities, Weirdness & Mutations

You are immune to sickness and miasma.
Your stone body is resilient. (AC +4)
You are immune to poison.
You resist negative energy. (rN+)
You are resistant to electric shocks. (rElec)
You are resistant to unholy torment.
You are immune to petrification.


   Skills:
 - Level 4.1(9.1) Fighting
 + Level 6.7(11.7) Axes
 - Level 1.4(6.4) Throwing
 - Level 3.2(8.2) Armour
 - Level 1.8(6.8) Dodging
 - Level 3.2(8.2) Shields
 + Level 1.6 Invocations


You had 6 spell levels left.
You didn't know any spells.
Your spell library was empty.

Inventory:

Hand Weapons
 i - a +3 mace
 Y - a +4 war axe of draining (weapon)
Armour
 c - a +0 buckler (worn)
 e - a scarf of resistance (worn)
 m - a +0 pair of gloves (worn)
 v - a +0 chain mail (worn)
Jewellery
 b - the amulet of Light (around neck) {Acrobat -Cast rF+++ rC+ Stlth+}
   (You acquired it on level 3 of the Dungeon)

   [amulet of the acrobat]

   It increases your evasion while moving and waiting.
   rF:        It renders you almost immune to fire.
   rC:        It protects you from cold.
   -Cast:     It prevents spellcasting.
   Stlth:     It makes you more stealthy.
 t - a ring of see invisible (left hand)
Scrolls
 g - a scroll of identify
Potions
 a - 2 potions of attraction
 d - 3 potions of might
 j - a potion of haste
 l - 7 potions of curing
 n - a potion of flight {unknown}
 o - a potion of lignification {unknown}
 r - a potion of berserk rage {unknown}
 s - 3 potions of mutation {unknown}
 u - a potion of brilliance {unknown}

Dungeon Overview and Level Annotations

Branches:
Dungeon (5/15)             Temple (1/1) D:5

Altars:
Ashenzari
Elyvilon
Hepliaklqana
Kikubaaqudgha
Nemelex Xobeh
Okawaru
Ru
Trog
Xom


Message History

You kill the electric eel!
Okawaru accepts your kill.
You hear a splash.
You slash the plant! You closely miss the wraith.
The wraith hits you but does no damage.
The electric eel shoots out a bolt of lightning at you!
The bolt of electricity misses you.
The electric eel shoots out a bolt of lightning at you!
The bolt of electricity hits the electric eel.
The electric eel completely resists.
The bolt of electricity hits you. You resist. You block the wraith's attack.
The electric eel shoots out a bolt of lightning at you!
The bolt of electricity hits you. You resist.
The electric eel shoots out a bolt of lightning at you!
The bolt of electricity hits the electric eel.
The electric eel completely resists.
The bolt of electricity hits you. You resist.
You barely miss the wraith.
The wraith is lightly damaged.
You slash the plant! You drain the plant.
A nearby plant withers and dies.
The wraith barely misses you.
The electric eel shoots out a bolt of lightning at you!
The bolt of electricity hits the electric eel.
The electric eel completely resists.
The bolt of electricity hits you. You resist.
You barely miss the wraith.
The wraith is lightly damaged.
You miss the electric eel. You block the wraith's attack. The wraith hits you.
The wraith drains your vigour!
You feel as though you will be slow longer.
The electric eel shoots out a bolt of lightning at you!
The bolt of electricity hits the electric eel.
The electric eel completely resists.
The bolt of electricity hits you. You resist.
You completely miss the wraith.
The wraith is lightly damaged.
You hit the electric eel. The wraith hits you!
You die...

+######.##.# ##.# .# #.##.#
#.# (######.##.# #.#
.......)##.# #.# ##########.#
#####.# #.#### ##.....#
#.##.########...#..#
#.#..#..~.S~##'###.#
#.#.#'.@S~$~~#.# #.#
#.#~#...WP$)~#.# #.#
###~#...P~[~~#.###.#
#~~##...~.~##~#...#
##~##########~##...#
#..#...[)~##~##....##
#.#'..~.~~~#~#......##
#.#....%..~#.#.......#
########~#....~~~~#.#.......#


You could see a wraith and 2 electric eels.

Vanquished Creatures
  An ogre (D:5)
  2 phantoms (D:5)
  2 scorpions
  4 electric eels (D:5)
  2 hounds
  2 iguanas
  8 adders
  An ufetubus (D:5)
  3 worms
  2 dart slugs
  2 orcs
  5 ball pythons
  6 bats
  5 endoplasms
  3 giant cockroaches
  3 goblins
  7 hobgoblins
  4 jackals (D:5)
  3 kobolds
  A quokka (D:1)
  5 frilled lizards
  2 rats
73 creatures vanquished.

Vanquished Creatures (others)
  5 plants (D:5)
5 creatures vanquished.

Grand Total: 78 creatures vanquished

Notes
Turn   | Place    | Note
-------+----------+-------------------------------------------
     0 | D:1      | qw the Gargoyle Fighter began the quest for the Orb.
     0 | D:1      | Reached XP level 1. HP: 14/14 MP: 1/1
     0 | D:1      | 0 ||| qw: Version: 0.2-a-13-gfc7b4b4
     0 | D:1      | 0 ||| qw: Game counter: 1896
     0 | D:1      | 0 ||| qw: Always use a shield: true
     0 | D:1      | 0 ||| qw: God list: Okawaru
     0 | D:1      | 0 ||| qw: Allow faded altars: false
     0 | D:1      | 0 ||| qw: Do Orc after D:15 true
     0 | D:1      | 0 ||| qw: Do second Lair branch before Depths: true
     0 | D:1      | 0 ||| qw: Lair rune preference: random
     0 | D:1      | 0 ||| qw: Plans: Normal, Zot:1-4, God:TSO, Crypt, Tomb,
                  | Pan, Slime:5, Hells, Abyss, Orb
     0 | D:1      | 0 ||| PLANNING D:1-11
   107 | D:1      | Reached skill level 2 in Axes
   121 | D:1      | Reached XP level 2. HP: 19/19 MP: 2/2
   134 | D:1      | 134 ||| Stepping ~*~*~tactically~*~*~ (stealth).
   306 | D:1      | 306 ||| Stepping ~*~*~tactically~*~*~ (stealth).
   602 | D:1      | 602 ||| UPGRADING to +0 pair of gloves.
   607 | D:1      | 607 ||| READING 2 scrolls labelled YGOOSK YCRONI.
   608 | D:1      | 608 ||| READING scroll of enchant weapon.
   608 | D:1      | 608 ||| ENCHANTING +1 war axe.
   609 | D:1      | 609 ||| READING 4 scrolls labelled NYTOSO ADUD.
   610 | D:1      | 610 ||| READING 4 scrolls labelled QEUS LI HUENTU.
   613 | D:1      | 613 ||| READING scroll labelled DIUXEU JUSH.
   614 | D:1      | 614 ||| READING scroll labelled RAIFOURCHACHA.
   615 | D:1      | 615 ||| READING scroll labelled MIAFFA XEGGARCH.
   616 | D:1      | 616 ||| READING 3 scrolls of identify.
   616 | D:1      | 616 ||| IDENTIFYING green potion
   617 | D:1      | 617 ||| READING 2 scrolls of identify.
   617 | D:1      | 617 ||| IDENTIFYING orange potion
   618 | D:1      | 618 ||| DROPPING potion of invisibility.
   810 | D:2      | Reached skill level 3 in Axes
   817 | D:2      | 817 ||| Stepping ~*~*~tactically~*~*~ (stealth).
   824 | D:2      | Reached XP level 3. HP: 23/23 MP: 3/3
  1034 | D:2      | Found an ancient bone altar of Kikubaaqudgha.
  1045 | D:2      | Reached XP level 4. HP: 27/28 MP: 4/4
  1201 | D:2      | Reached skill level 4 in Axes
  1433 | D:2      | 1433 ||| READING 2 scrolls of identify.
  1433 | D:2      | 1433 ||| IDENTIFYING viscous brown potion
  1583 | D:3      | 1583 ||| Stepping ~*~*~tactically~*~*~ (hiding).
  1725 | D:3      | 1725 ||| READING scroll of enchant weapon.
  1725 | D:3      | 1725 ||| ENCHANTING +2 war axe.
  1771 | D:3      | Found a broken altar of Ashenzari.
  1856 | D:3      | 1856 ||| DROPPING +0 club.
  2016 | D:3      | 2016 ||| UPGRADING to +0 chain mail.
  2026 | D:3      | 2026 ||| DROPPING +0 scale mail.
  2027 | D:3      | 2027 ||| READING scroll labelled CAEMAI YFOISUCK.
  2027 | D:3      | Identified a scroll of acquirement
  2027 | D:3      | 2027 ||| ACQUIRING amulet of Light {Acrobat -Cast rF+++ rC+
                  | Stlth+}
  2027 | D:3      | Acquired the amulet of Light {Acrobat -Cast rF+++ rC+
                  | Stlth+}
  2029 | D:3      | 2029 ||| UPGRADING to amulet of Light {Acrobat -Cast rF+++
                  | rC+ Stlth+}.
  2034 | D:3      | 2034 ||| READING scroll labelled RIT CYERIMA.
  2035 | D:3      | 2035 ||| READING scroll labelled JICSECRIWYR.
  2036 | D:3      | 2036 ||| READING scroll labelled YSTRUS OPSUMURIOCW.
  2037 | D:3      | 2037 ||| READING 2 scrolls of identify.
  2037 | D:3      | 2037 ||| IDENTIFYING brown potion
  2113 | D:4      | 2113 ||| READING scroll of enchant weapon.
  2113 | D:4      | 2113 ||| ENCHANTING +3 war axe of venom.
  2178 | D:4      | 2178 ||| Stepping ~*~*~tactically~*~*~ (stealth).
  2188 | D:4      | Reached skill level 1 in Throwing
  2188 | D:4      | Reached XP level 5. HP: 27/32 MP: 5/5
  2469 | D:4      | Reached skill level 5 in Axes
  2469 | D:4      | Reached XP level 6. HP: 37/37 MP: 6/6
  2671 | D:4      | 2671 ||| READING 2 scrolls of identify.
  2671 | D:4      | 2671 ||| IDENTIFYING black potion
  2672 | D:4      | 2672 ||| DROPPING potion of ambrosia.
  2704 | D:5      | Entered Level 5 of the Dungeon
  2734 | D:5      | Found a white marble altar of Elyvilon.
  2747 | D:5      | 2747 ||| Stepping ~*~*~tactically~*~*~ (stealth).
  2748 | D:5      | 2748 ||| Stepping ~*~*~tactically~*~*~ (stealth).
  2752 | D:5      | 2752 ||| FLEEEEING.
  2754 | D:5      | 2754 ||| FLEEEEING.
  2765 | D:5      | 2765 ||| Stepping ~*~*~tactically~*~*~ (stealth).
  2788 | D:5      | 2788 ||| DROPPING +0 mace.
  2846 | D:5      | 2846 ||| READING scroll of brand weapon.
  2846 | D:5      | 2846 ||| BRANDING +4 war axe of venom.
  3185 | D:5      | Found a staircase to the Ecumenical Temple.
  3186 | D:5      | 3186 ||| PLANNING TEMPLE
  3186 | D:5      | 3186 ||| UPGRADING to scarf of resistance.
  3191 | D:5      | 3191 ||| UPGRADING to ring of see invisible.
  3192 | D:5      | 3192 ||| READING scroll labelled FUDEIXI QAGIDA.
  3193 | D:5      | 3193 ||| DRINKING 2 smoky white potions.
  3194 | D:5      | 3194 ||| READING 3 scrolls of identify.
  3194 | D:5      | 3194 ||| IDENTIFYING purple potion
  3195 | D:5      | 3195 ||| READING 2 scrolls of identify.
  3195 | D:5      | 3195 ||| IDENTIFYING bubbling brown potion
  3196 | D:5      | 3196 ||| DROPPING potion of degeneration.
  3197 | D:5      | 3197 ||| DROPPING potion of magic.
  3203 | Temple   | Entered the Ecumenical Temple
  3204 | Temple   | 3204 ||| PLANNING OKAWARU WORSHIP
  3246 | Temple   | Became a worshipper of Warmaster Okawaru
  3247 | Temple   | 3247 ||| PLANNING D:1-11
  3339 | D:5      | Reached skill level 6 in Axes
  3339 | D:5      | Reached XP level 7. HP: 28/43 MP: 7/7
  3488 | D:5      | 3488 ||| Stepping ~*~*~tactically~*~*~ (hiding).
  3685 | D:5      | HP: 10/43 [ogre/+0 giant club (12)]
  3686 | D:5      | 3686 ||| READING 3 scrolls of teleportation.
  3687 | D:5      | 3687 ||| DRINKING potion of heal wounds.
  3690 | D:5      | Reached skill level 1 in Dodging
  3832 | D:5      | Noticed a wraith
  3853 | D:5      | HP: 6/43 [wraith (7)]
  3854 | D:5      | 3854 ||| READING 2 scrolls of teleportation.
  4074 | D:5      | Reached * piety under Okawaru
  4075 | D:5      | 4075 ||| INVOKING Heroism.
  4075 | D:5      | HP: 10/43 [electric eel/bolt of electricity (2)]
  4076 | D:5      | 4076 ||| READING scroll of teleportation.
  4078 | D:5      | Reached skill level 1 in Invocations
  4338 | D:5      | 4338 ||| INVOKING Heroism.
  4346 | D:5      | HP: 10/43 [electric eel/bolt of electricity (2)]
  4347 | D:5      | HP: 4/43 [electric eel/bolt of electricity (1)]
  4348 | D:5      | Slain by a wraith

Levels and vault maps discovered:
D:1:      zelgadis_glass_arrival_small, layout_rooms, serial_forest,
          infiniplex_forest_end_1, infiniplex_forest_end_1,
          infiniplex_forest_lined_2, infiniplex_forest_end_3,
          infiniplex_forest_straight_3, infiniplex_forest_clump_small,
          infiniplex_forest_lined_1
D:2:      layout_basic, basic_altar, minmay_split_cup_large
D:3:      layout_basic, nicolae_ashenzari_skybound, dreamdust_mushroom_princess
D:4:      layout_loops_ring, grunt_ministairs_2, kennysheep_generic_room_10
D:5:      cheibrodos_two_vegetables, layout_loops_ring,
          nicolae_elyvilon_temple_path, minmay_temple_entry_hall,
          nrook_loot_triangle
Temple:   nicolae_temple_ecumenical_triangle

Skill      XL: |  1  2  3  4  5  6  7 |
---------------+----------------------+-----
Axes           | 2 3 4 5 6 |  6.7
Throwing       | 1 |  1.4
Fighting       | 4 |  4.1
Dodging        | 1 |  1.8
Invocations    | 1 |  1.6
Armour         | |  3.2
Shields        | |  3.2

Action                   |  1- 3 |  4- 6 |  7- 9 || total
-------------------------+-------+-------+-------++-------
Melee: War axe           |    71 |   106 |    43 ||   220
Throw: Boomerang         |     7 |    23 |       ||    30
       Javelin           |       |     5 |       ||     5
Invok: Heroism           |       |       |     2 ||     2
  Use: Scroll            |     9 |    13 |     3 ||    25
       Potion            |       |     1 |     1 ||     2
Armor: Scale mail        |    32 |    23 |       ||    55
       Chain mail        |       |    16 |    14 ||    30
Dodge: Dodged            |    30 |    40 |    19 ||    89
Block: Buckler           |    13 |    18 |     8 ||    39

Table legend:
 A = Non-vault XP
 B = Vault XP
 C = Vault XP percentage of total XP
 D = Non-vault monster count
 E = Vault monster count
 F = Vault count percentage of total count
                 A         B        C        D         E       F
            +---------+---------+-------+---------+---------+-------
      Total |     645 |     428 |  39.9 |      59 |      14 |  19.2
            +---------+---------+-------+---------+---------+-------
        D:1 |      24 |       0 |   0.0 |      13 |       0 |   0.0
        D:2 |      96 |      20 |  17.2 |      20 |       5 |  20.0
        D:3 |      15 |       0 |   0.0 |       7 |       0 |   0.0
        D:4 |     122 |      48 |  28.2 |       5 |       3 |  37.5
        D:5 |     388 |     360 |  48.1 |      14 |       6 |  30.0
            +---------+---------+-------+---------+---------+-------
